 Dungeon Sprint DCSS version 0.27-a0-1281-ge233d83751 (webtiles) character file.

Game seed: 8294005577539526014

33070 mhtbhm the Executioner (level 13, -2/145 HPs)
             Began as a Minotaur Berserker on June 13, 2021.
             Was a High Priest of Trog.
             Slain by a sixfirhy (8 damage)
             ... led by Woatwunt
             ... in the Dungeon (Sprint I: "Red Sonja").
             The game lasted 00:12:58 (6606 turns).

mhtbhm the Executioner (Minotaur Berserker)         Turns: 6606, Time: 00:12:59

Health: -2/145     AC: 19    Str: 27    XL:     13   Next: 34%
Magic:  10/10      EV: 13    Int:  4    God:    Trog [*****.]
Gold:   3121       SH:  5    Dex: 10    Spells: 12/12 levels left

rFire    + + .     SeeInvis .   a - +5 executioner's axe (vorpal)
rCold    + . .     Faith    .   (shield currently unavailable)
rNeg     . . .     Spirit   .   b - +5 chain mail {rPois}
rPois    +         Reflect  +   (helmet restricted)
rElec    .         Harm     .   l - scarf {rC+ rF+}
rCorr    .         Rampage  .   (no gloves)
Will     +....     NoTele   +   (no boots)
Stlth    ..........             r - amulet of reflection
HPRegen  0.00/turn              k - ring of willpower
MPRegen  0.12/turn              q - ring of protection from fire

@: no status effects
A: horns 2, retaliatory headbutt, low mp 1, inhibited regeneration
0: Orb of Zot
a: Renounce Religion, Berserk, Trog's Hand, Brothers in Arms


You were in the Dungeon.
You worshipped Trog.
Trog was extremely pleased with you.
You visited 1 branch You collected 5549 gold pieces.
You spent 2428 gold pieces at shops.

Inventory:

Hand Weapons
 a - a +5 vorpal executioner's axe (weapon)
 s - a +3 hand axe of flaming
Missiles
 c - 4 curare-tipped darts (quivered)
Armour
 b - a +5 chain mail of poison resistance (worn)
 l - a scarf of resistance (worn)
 t - the +4 dragonskin cloak
   (You took it off Tiamat in the Dungeon)
Jewellery
 k - a ring of willpower (left hand)
 q - a ring of protection from fire (right hand)
 r - an amulet of reflection (around neck)
Wands
 i - a wand of flame (19)
 o - a wand of paralysis (4)
Scrolls
 h - 2 scrolls of blinking
 n - a scroll of immolation
 w - a scroll of fog
Potions
 d - a potion of heal wounds
 f - 2 potions of magic
 g - a potion of berserk rage
 j - a potion of attraction
 m - a potion of resistance
 v - 2 potions of brilliance {unknown}
 z - a potion of lignification {unknown}
 C - a potion of might
 D - 4 potions of curing
 F - a potion of invisibility
Miscellaneous
 p - a tin of tremorstones (2/2)
 A - a phantom mirror
 B - a condenser vane
 E - a phantom mirror


   Skills:
 + Level 22.3 Fighting
 + Level 23.8 Axes
 + Level 17.6 Armour
 + Level 11.6 Dodging
 + Level 5.2 Stealth
 + Level 6.4 Shields
 + Level 2.5 Evocations


You had 12 spell levels left.
You didn't know any spells.
Your spell library was empty.

Dungeon Overview and Level Annotations

Branches:
Dungeon (1/1)

Altars:
Cheibriados
Dithmenos
Elyvilon
Fedhas
Gozag
Hepliaklqana
Kikubaaqudgha
Makhleb
Nemelex Xobeh
Okawaru
Qazlal
Ru
Sif Muna
Trog
Uskayaw
Vehumet
Wu Jian
Xom
Yredelemnul
Zin
The Shining One
Jiyva
Lugonu

Shops:
D *?[[![=!*:(=[:(((*[[[:

Annotations:
D Lom Lobon


Innate Abilities, Weirdness & Mutations

You have a pair of horns on your head.
You reflexively headbutt those who attack you in melee.
Your magical capacity is low. (-10% MP)
You do not regenerate when monsters are visible.


Message History

You see here a +2 great sword of flaming.
Things that are here:
a +2 great sword of flaming; a +1 vorpal war axe; a +1 great sword of flaming
There is an open door, spattered with blood here.
There is an open door, spattered with blood here.
You are starting to lose your buoyancy.
There is an open door, spattered with blood here.
You see here a +3 broad axe.
There is an open door here.
You float gracefully downwards.
There is an open door, spattered with blood here.
A crimson imp, a sixfirhy and a pandemonium lord come into view.
Woatwunt moves out of view.
Your extra speed is starting to run out.
There is an open door here.
There is an open door here.
There is an open door here.
You feel yourself slow down.
There is an open door here.
Things that are here:
a +0 scythe; a +0 robe
There is an open door, spattered with blood here.
The sixfirhy hits you. The sixfirhy shocks you!
The sixfirhy hits you but does no damage.
The sixfirhy barely misses you.
There is an open door, spattered with blood here.
You see here a +0 animal skin.
The sixfirhy hits you! The sixfirhy shocks you!
You see here a +0 club.
The sixfirhy hits you. The sixfirhy shocks you!
You block the sixfirhy's attack.
There is an open door, spattered with blood here.
Woatwunt gestures at you.
The spray of metal splinters hits you!!!
Woatwunt gestures at you.
The spray of metal splinters hits you!!!
* * * LOW HITPOINT WARNING * * *
There is a staircase leading out of the dungeon here.
The sixfirhy closely misses you. The sixfirhy hits you!
You die...

##################
#@3#.[').#.&'..#__
#..').#..').#..'..
#..#####'#####'#__
#..####..#...#.###
#..#__####..##)#≈§
#..#_____##'#_.'≈§
#⌠⌠#_.∩...'..._#§§
#..._..__##_.#'##§
#..#_____###'#.#)§


You could see a sixfirhy.

Vanquished Creatures
  Tiamat (D)
  A deep elf master archer (D)
  A shadow dragon (D)
  A daeva (D)
  4 fire giants (D)
  An angel (D)
  A lorocyproca (D)
  A deep elf annihilator (D)
  A mummy priest (D)
  A hydra (D)
  2 centaur warriors (D)
  Sonja (D)
  A deep troll (D)
  A lindwurm (D)
  2 oklob plants (D)
  A shining eye (D)
  A gargoyle (D)
  2 kobold demonologists (D)
  4 demonic crawlers (D)
  7 unseen horrors (D)
  A hellwing (D)
  A meliai (D)
  A hornet (D)
  A slime creature (D)
  A yak (D)
  Sigmund (D)
  2 redbacks (D)
  13 hogs (D)
  3 floating eyes (D)
  7 necrophages (D)
  An ogre (D)
  8 jellies (D)
  Ijyb (D)
  A ballistomycete spore (D)
77 creatures vanquished.

Vanquished Creatures (collateral kills)
  A golden dragon (D)
  7 shining eyes (D)
  4 floating eyes (D)
12 creatures vanquished.

Vanquished Creatures (others)
  the Lernaean hydra (D)
  2 merfolk sirens (D)
  A gargoyle (D)
  4 hornets (D)
  A ballistomycete spore (D)
9 creatures vanquished.

Grand Total: 98 creatures vanquished

Notes
Turn   | Place    | Note
-------+----------+-------------------------------------------
     0 | D        | mhtbhm the Minotaur Berserker began the quest for the Orb.
     0 | D        | Reached XP level 1. HP: 19/19 MP: 0/0
     2 | D        | Noticed Ijyb
     6 | D        | Killed Ijyb
     7 | D        | Reached skill level 5 in Fighting
     7 | D        | Reached skill level 5 in Axes
     7 | D        | Reached XP level 2. HP: 29/29 MP: 1/1
   114 | D        | Noticed an ogre
   122 | D        | Killed an ogre
   123 | D        | Reached skill level 7 in Axes
   123 | D        | Reached XP level 3. HP: 19/40 MP: 2/2
   123 | D        | Reached XP level 4. HP: 22/48 MP: 3/3
   318 | D        | Noticed Sigmund
   323 | D        | Killed Sigmund
   323 | D        | Reached ** piety under Trog
   324 | D        | Reached skill level 10 in Axes
   324 | D        | Reached skill level 5 in Armour
   324 | D        | Reached skill level 5 in Dodging
   324 | D        | Reached XP level 5. HP: 58/58 MP: 4/4
   414 | D        | Found an ornate altar of the Wu Jian Council.
   414 | D        | Found a shimmering blue altar of Sif Muna.
   416 | D        | Found a radiant altar of Vehumet.
   421 | D        | Reached skill level 10 in Fighting
   421 | D        | Reached XP level 6. HP: 41/66 MP: 5/5
   516 | D        | Found Ackeorik's Antique Armour Emporium.
   516 | D        | Found an ancient bone altar of Kikubaaqudgha.
   516 | D        | Found a hazy altar of Hepliaklqana.
   516 | D        | Found a stormy altar of Qazlal.
   516 | D        | Found a hide-covered altar of Uskayaw.
   516 | D        | Found a blossoming altar of Fedhas.
   516 | D        | Found a bloodstained altar of Trog.
   516 | D        | Found an iron altar of Okawaru.
   516 | D        | Found a basalt altar of Yredelemnul.
   516 | D        | Found a glowing golden altar of the Shining One.
   516 | D        | Found a snail-covered altar of Cheibriados.
   516 | D        | Found a sacrificial altar of Ru.
   516 | D        | Found a glowing silver altar of Zin.
   516 | D        | Found a shadowy altar of Dithmenos.
   516 | D        | Found a white marble altar of Elyvilon.
   516 | D        | Noticed a yak
   523 | D        | Killed a yak
   524 | D        | Reached skill level 11 in Axes
   524 | D        | Found an opulent altar of Gozag.
   525 | D        | Found a sparkling altar of Nemelex Xobeh.
   572 | D        | Found a burning altar of Makhleb.
   572 | D        | Found a viscous altar of Jiyva.
   572 | D        | Found a shimmering altar of Xom.
   572 | D        | Found a corrupted altar of Lugonu.
   572 | D        | Noticed a slime creature
   578 | D        | Killed a slime creature
   578 | D        | Reached *** piety under Trog
   579 | D        | Reached skill level 12 in Axes
   579 | D        | Reached XP level 7. HP: 75/75 MP: 6/6
   629 | D        | Noticed a kobold demonologist
   629 | D        | Noticed a kobold demonologist
   635 | D        | Noticed an orange demon
   641 | D        | Noticed a ynoxinul
   641 | D        | Noticed a rust devil
   642 | D        | Killed a kobold demonologist
   643 | D        | Reached skill level 13 in Axes
   643 | D        | Reached XP level 8. HP: 85/85 MP: 7/7
   652 | D        | Killed a kobold demonologist
   652 | D        | Reached **** piety under Trog
   869 | D        | Noticed a centaur warrior
   869 | D        | Noticed a centaur warrior
   879 | D        | Killed a centaur warrior
   880 | D        | Reached skill level 14 in Axes
   881 | D        | HP: 6/135 [centaur warrior (11)]
   883 | D        | Killed a centaur warrior
   884 | D        | Reached skill level 15 in Fighting
   884 | D        | Reached skill level 15 in Axes
   884 | D        | Reached XP level 9. HP: 7/97 MP: 8/8
  1237 | D        | Noticed a deep troll
  1244 | D        | Killed a deep troll
  1272 | D        | Found Suupt's Armour Emporium.
  1286 | D        | Bought a +3 chain mail of poison resistance for 258 gold
                  | pieces
  1436 | D        | Reached ***** piety under Trog
  1554 | D        | Noticed an oklob plant
  1565 | D        | Killed an oklob plant
  1566 | D        | Reached skill level 16 in Axes
  1566 | D        | Reached skill level 10 in Armour
  1566 | D        | Reached skill level 10 in Dodging
  1798 | D        | Reached XP level 10. HP: 90/107 MP: 9/9
  1881 | D        | Received a gift from Trog
  2012 | D        | Received a gift from Trog
  2019 | D        | Reached skill level 17 in Axes
  2040 | D        | Identified the -5 cloak "Modauwuq" {Rampage rPois}
  2079 | D        | Found Reidan's Distillery.
  2079 | D        | Found Keavaagi's Jewellery Shop.
  2079 | D        | Found Qerchian's Assorted Antiques.
  2081 | D        | Found Cicro's Book Emporium.
  2081 | D        | Found Aruphi's Antique Weapon Shop.
  2081 | D        | Found Gisesen's Jewellery Shoppe.
  2081 | D        | Found Omaxuurch's Armour Boutique.
  2081 | D        | Found Vinamas's Book Emporium.
  2081 | D        | Found Ruer's Antique Weapon Shop.
  2081 | D        | Found Tievoy's Weapon Shoppe.
  2085 | D        | Found Iphun's Antique Weapon Boutique.
  2086 | D        | Found Zoupnopp's Armour Emporium.
  2086 | D        | Found Vyunne Jovo's Assorted Antiques.
  2087 | D        | Found Gotakong's Armour Emporium.
  2109 | D        | Bought a ring of protection from fire for 275 gold pieces
  2110 | D        | Bought an amulet of reflection for 330 gold pieces
  2181 | D        | Reached ****** piety under Trog
  2193 | D        | Received a gift from Trog
  2194 | D        | Reached skill level 1 in Shields
  2291 | D        | Noticed a gargoyle
  2293 | D        | Killed a gargoyle
  2326 | D        | Noticed a lindwurm
  2328 | D        | Killed a lindwurm
  2345 | D        | Reached XP level 11. HP: 119/119 MP: 10/10
  2345 | D        | Received a gift from Trog
  2351 | D        | Reached skill level 18 in Axes
  2354 | D        | Received a gift from Trog
  2409 | D        | Noticed a 12-headed hydra
  2411 | D        | Killed a ten-headed hydra
  2411 | D        | Paralysed by a floating eye for 4 turns
  2617 | D        | Noticed a shadow dragon
  2617 | D        | Noticed a golden dragon
  2625 | D        | Killed a shadow dragon
  2626 | D        | Reached skill level 1 in Stealth
  2629 | D        | Killed a golden dragon
  2630 | D        | Reached skill level 19 in Axes
  2703 | D        | Found Murodgh's Book Shoppe.
  2808 | D        | Noticed a daeva
  3352 | D        | Noticed a fire giant
  3366 | D        | Killed a fire giant
  3366 | D        | Received a gift from Trog
  3367 | D        | Reached skill level 20 in Axes
  3367 | D        | Reached skill level 5 in Shields
  3427 | D        | Noticed a fire giant
  3427 | D        | Noticed a fire giant
  3442 | D        | Killed a fire giant
  3443 | D        | Reached XP level 12. HP: 134/134 MP: 11/11
  3446 | D        | Killed a fire giant
  3447 | D        | Reached skill level 21 in Axes
  3447 | D        | Reached skill level 15 in Armour
  3618 | D        | Noticed a fire giant
  3628 | D        | Killed a fire giant
  3628 | D        | Received a gift from Trog
  3804 | D        | HP: 2/134 [daeva/divine providence (9)]
  4307 | D        | Noticed Sonja
  4314 | D        | Killed Sonja
  4368 | D        | Found Ziehif's General Store.
  4376 | D        | Bought a scroll of enchant armour for 90 gold pieces
  4376 | D        | Bought a potion of might for 48 gold pieces
  4449 | D        | Paralysed by a floating eye for 4 turns
  4451 | D        | Received a gift from Trog
  4453 | D        | Gained mutation: You do not regenerate when monsters are
                  | visible. [a shining eye]
  4456 | D        | Gained mutation: Your magical capacity is low. (-10% MP) [a
                  | shining eye]
  4484 | D        | Found Loan's Distillery.
  4484 | D        | Found Cowy's Magic Scroll Shoppe.
  4484 | D        | Found Ysa Waph's Antique Armour Boutique.
  4484 | D        | Found Nicuen's Armour Emporium.
  4525 | D        | Bought 2 scrolls of identify for 52 gold pieces
  4525 | D        | Bought a scroll of identify for 26 gold pieces
  4525 | D        | Bought a scroll of blinking for 97 gold pieces
  4525 | D        | Bought a scroll of enchant armour for 97 gold pieces
  4532 | D        | Bought a scarf of resistance for 384 gold pieces
  4541 | D        | Bought a potion of flight for 42 gold pieces
  4541 | D        | Bought a potion of flight for 42 gold pieces
  4541 | D        | Bought a potion of flight for 42 gold pieces
  4541 | D        | Bought a potion of invisibility for 112 gold pieces
  4541 | D        | Bought a potion of might for 56 gold pieces
  4541 | D        | Bought a potion of curing for 42 gold pieces
  4541 | D        | Bought a potion of curing for 42 gold pieces
  4622 | D        | Bought a scroll of identify for 34 gold pieces
  4622 | D        | Bought a scroll of identify for 34 gold pieces
  4768 | D        | Bought a potion of resistance for 130 gold pieces
  4768 | D        | Bought a potion of heal wounds for 65 gold pieces
  4768 | D        | Bought a potion of haste for 130 gold pieces
  4875 | D        | Killed a lorocyproca
  4876 | D        | Reached skill level 22 in Axes
  4963 | D        | Received a gift from Trog
  5029 | D        | Killed the 27-headed Lernaean hydra
  5274 | D        | Killed a daeva
  5368 | D        | Noticed a deep elf annihilator
  5968 | D        | Killed a deep elf annihilator
  5969 | D        | Noticed a mummy priest
  5977 | D        | Reached skill level 1 in Evocations
  5978 | D        | Killed a mummy priest
  6071 | D        | Noticed a deep elf master archer
  6076 | D        | Killed a deep elf master archer
  6077 | D        | Reached skill level 23 in Axes
  6077 | D        | Reached XP level 13. HP: 107/145 MP: 10/10
  6153 | D        | Identified the +1 dagger "Lixin" {antimagic, rPois Int+2}
  6460 | D        | Found the +4 dragonskin cloak
  6460 | D        | Noticed Tiamat
  6475 | D        | Killed Tiamat
  6475 | D        | Received a gift from Trog
  6476 | D        | Reached skill level 5 in Stealth
  6530 | D        | Got the Orb of Zot
  6540 | D        | Noticed an angel
  6545 | D        | Noticed Lom Lobon
  6546 | D        | Killed an angel
  6584 | D        | Noticed Woatwunt the pandemonium lord
  6604 | D        | HP: 6/145 [Woatwunt the pandemonium lord/spray of metal
                  | splinters (39)]
  6606 | D        | Slain by a sixfirhy

Illustrated notes

Levels and vault maps discovered:
D:        dungeon_sprint_1 [red_sonja_temple_1, red_sonja_temple_small_1]

Skill      XL: |  1  2  3  4  5  6  7  8  9 10 11 12 13 |
---------------+----------------------------------------+-----
Fighting       | 5 7 9 10 11 12 15 16 18 20 21 22 | 22.3
Axes           | 5 7 10 12 13 15 16 17 20 23 | 23.8
Armour         | 3 4 5 6 7 9 10 12 14 16 17 | 17.6
Dodging        | 3 5 6 7 9 10 11 | 11.6
Shields        | 2 5 6 |  6.4
Stealth        | 2 4 5 |  5.2
Evocations     | 1 2 |  2.5

Action                   |  1- 3 |  4- 6 |  7- 9 | 10-12 | 13-15 || total
-------------------------+-------+-------+-------+-------+-------++-------
Melee: Hand axe          |     8 |    18 |    64 |    58 |       ||   148
       Headbutt          |     1 |    10 |    16 |    47 |       ||    74
       Battleaxe         |       |       |       |    76 |       ||    76
       Executioner's axe |       |       |       |    29 |    12 ||    41
Invok: Berserk           |     2 |     2 |     4 |    12 |     1 ||    21
       Brothers in Arms  |       |       |       |     4 |     2 ||     6
Evoke: Wand              |       |       |       |     3 |     2 ||     5
  Use: Potion            |       |       |     1 |     3 |     5 ||     9
       Scroll            |       |       |       |    12 |     2 ||    14
 Stab: Distracted        |       |       |       |     1 |     1 ||     2
Armor: Leather armour    |       |     1 |    12 |       |       ||    13
       Chain mail        |       |       |     5 |    84 |     3 ||    92
Dodge: Dodged            |     3 |     7 |    33 |    67 |     5 ||   115
Block: Other             |       |       |       |    25 |     4 ||    29

Table legend: (Time is in decaauts)
 A = Elapsed time spent in this place.
 B = Non-inter-level travel time spent in this place.
 C = Inter-level travel time spent in this place.
 D = Time resting spent in this place.
 E = Time spent auto-exploring this place.
 F = Levels seen in this place.
 G = Mean time per level.
                   A        B        C        D        E       F      G
               +--------+--------+--------+--------+--------+-----+--------+
         Total |   6713 |   6661 |     52 |   4502 |     53 |   1 | 6713.0 |
       Dungeon |   6713 |   6661 |     52 |   4502 |     53 |   1 | 6713.0 |
               +--------+--------+--------+--------+--------+-----+--------+

Top non-repeatable levels by time:
       D: 6713 daAuts
